[Event "FRA-ch Teams Top 16-B 2022"]
[Site "Chartres"]
[Date "2022.06.12"]
[Round "4.29"]
[White "Ternault, Mathieu"]
[Black "Chabanon, Jean-Luc"]
[Result "1/2-1/2"]
[ECO "E62"]
[WhiteElo "2367"]
[BlackElo "2432"]
[Annotator "TA"]
[PlyCount "107"]
[EventDate "2022.06.09"]
[EventType "team-tourn"]
[EventCountry "FRA"]
[SourceTitle "playchess.com"]
[Source "ChessBase"]
[SourceQuality "1"]
[TimeControl "40/5400+30:1800+30"]

1. Nf3 Nf6 2. c4 g6 3. g3 Bg7 4. Bg2 O-O 5. d4 d6 6. Nc3 Nc6 7. O-O e5 8. d5 Ne7 {[%emt 0:00:41] 8...Nb8 is more fashionable.} 9. e4 Nd7 10. Kh1 {[%emt 0:03:58] [#] E62: King's Indian: Fianchetto: 6...c6 and Panno Variation (6...Nc6) without ...a6.} a5 $146 ({Predecessor:} 10... h6 11. Ne1 f5 12. Nd3 Nf6 13. f4 exf4 14. Nxf4 g5 15. Ne6 Bxe6 16. dxe6 Nxe4 17. Nxe4 fxe4 18. Bxe4 {1-0 (27) Berkes,F (2685)-Pacher,M (2442) Istanbul 2012}) 11. Be3 h6 12. Nh4 {[%emt 0:01:37] White is slightly better.} (12. Qd2 $5 ) 12... Nc5 13. Qc2 f5 (13... b6 $11) 14. exf5 {[%emt 0:02:27] White is more active.} (14. Bxc5 $5 dxc5 15. exf5 gxf5 16. Nb5 $11) 14... g5 15. Ng6 Bxf5 16. Nxe7+ Qxe7 17. Ne4 Nxe4 18. Bxe4 Qd7 19. f3 b6 20. a4 Bxe4 21. Qxe4 Qf5 22. g4 (22. Kg2 {is more complex.} Rf7 23. Rh1 Raf8 24. Raf1) 22... Qxe4 23. fxe4 Rxf1+ 24. Rxf1 $11 {[%emt 0:00:09][%mdl 4096] Endgame KRB-KRB} Rf8 25. Re1 Bf6 26. Kg2 Be7 27. Bd2 Kf7 28. Rf1+ Ke8 29. Ra1 Kd7 30. Ra3 Rf6 31. Rh3 Bf8 32. Rh5 Rg6 33. Rh3 Rf6 34. Rb3 Be7 35. Rb5 Rf8 36. Be3 Rh8 37. Bf2 Rf8 {[%emt 0:00:54] [#] Threatens to win with ...Rf4.} 38. Bg3 {[%emt 0:00:07] Prevents Rf4.} Re8 39. Rb3 Rf8 40. h3 Bd8 41. Bh2 Be7 42. Rb5 Bd8 43. Rb3 Be7 44. Rf3 Rxf3 45. Kxf3 $14 {[%emt 0:00:00] KB-KB} Kc8 46. Bg3 Kb7 47. Ke2 Ka6 48. Kd3 Bd8 49. Be1 Kb7 50. Bd2 c5 51. dxc6+ {[%emt 0:00:00] White is better.} Kxc6 52. Be3 Bf6 53. Kc3 Be7 54. b3 {[%emt 0:00:00] Weighted Error Value: White=0.09 (flawless) /Black=0.07 (flawless)} 1/2-1/2

[Event "FRA-ch Teams Top 16-B 2022"]
[Site "Chartres"]
[Date "2022.06.12"]
[Round "4.30"]
[White "Housieaux, David"]
[Black "Boukhris-Ferre, Yacine"]
[Result "1-0"]
[ECO "E92"]
[WhiteElo "2412"]
[BlackElo "2183"]
[Annotator "TA"]
[PlyCount "65"]
[EventDate "2022.06.09"]
[EventType "team-tourn"]
[EventCountry "FRA"]
[SourceTitle "playchess.com"]
[Source "ChessBase"]
[SourceQuality "1"]
[TimeControl "40/5400+30:1800+30"]

1. Nf3 Nf6 2. c4 g6 3. Nc3 Bg7 4. e4 d6 5. d4 O-O 6. Be2 e5 7. d5 a5 8. Bg5 h6 9. Bh4 Na6 10. Nd2 Qe8 11. a3 Nh7 {[%emt 0:01:49] E92: King's Indian: Classical: 6 Be2 e5: 7 dxe5, 7 Be3 and Petrosian System without 7...Nbd7.} 12. b4 f5 {[%emt 0:01:15] White must now prevent ...g5.} 13. f3 $1 Bd7 {[%emt 0:07:11] White is slightly better.} 14. Rb1 axb4 15. axb4 {[%emt 0:00:06] [#]} c5 $146 ({Predecessor:} 15... Nf6 16. Bf2 b6 17. O-O Nh5 18. g3 fxe4 19. Ndxe4 Nf6 20. Qb3 Nxe4 21. Nxe4 Nb8 {0-1 (35) Parvanova,D (1983)-Bednikova,S (2043) Sunny Beach 2013}) 16. dxc6 bxc6 17. O-O Nc7 {[%emt 0:07:19] [#]} (17... Nf6 $14) 18. Nb3 $1 $16 Ne6 19. Qxd6 Nd4 20. b5 {[%emt 0:27:16] White is more active.} ({Better is} 20. Nc5 $16) 20... Ng5 (20... g5 $11 {keeps the balance.} 21. Bf2 Rf6) 21. bxc6 (21. b6 $142) 21... Bxc6 22. Nxd4 exd4 23. Nd5 $36 {[%emt 0:00:06][%mdl 2048] White has strong initiative.} Kh7 $2 {[%emt 0:15:49] This move loses the game for Black.} (23... Bxd5 $16 {keeps fighting.} 24. Qxd5+ Kh8) 24. Nc7 $1 $18 Qd8 25. Qxc6 Rc8 26. Rb7 d3 27. Bd1 Rf7 {[%emt 0:03:39][%cal Rc8c7] [#]} 28. exf5 $1 Rfxc7 (28... gxf5 29. Ne6) 29. fxg6+ Kg8 30. Rxc7 {[%emt 0:00:23] White is clearly winning.} Rxc7 31. Qd5+ Qxd5 32. cxd5 Rc4 33. Bf2 {[%emt 0:00:48] Weighted Error Value: White=0.23 (precise) /Black=0.50} 1-0

[Event "FRA-ch Teams Top 16-B 2022"]
[Site "Chartres"]
[Date "2022.06.12"]
[Round "4.31"]
[White "Roubert, Emile"]
[Black "Brochet, Philippe"]
[Result "0-1"]
[ECO "B92"]
[WhiteElo "2027"]
[BlackElo "2390"]
[Annotator "TA"]
[PlyCount "92"]
[EventDate "2022.06.09"]
[EventType "team-tourn"]
[EventCountry "FRA"]
[SourceTitle "playchess.com"]
[Source "ChessBase"]
[SourceQuality "1"]
[TimeControl "40/5400+30:1800+30"]

1. e4 c5 2. Nf3 d6 3. d4 cxd4 4. Nxd4 Nf6 5. Nc3 a6 6. Be2 Nbd7 7. O-O {[%emt 0:08:37] 7.0-0 has become a bit dusty these days.} g6 8. Re1 {[%emt 0:04:04] B92: Sicilian Najdorf: 6 Be2.} Bg7 9. Bf1 O-O 10. Bg5 {[%emt 0:03:33] The position is equal.} Re8 11. a4 {[%emt 0:09:44] Inhibits b5.} b6 12. Nd5 {[%emt 0:16:47] Threatens to win with Nc6.} Bb7 {[%emt 0:01:25][%cal Of6e4] Against Nc6} 13. c4 h6 ({Black should try} 13... Nc5 $15) 14. Bh4 $11 e6 15. Nc3 {[%emt 0:01:50] [#]} Qc7 $146 ({Predecessor:} 15... Rc8 16. Rc1 Ne5 17. b3 Qc7 18. f3 Qb8 19. Bf2 Red8 20. Qe2 Ned7 21. Red1 Qa8 {1-0 (48) Zontakh,A (2530)-Anka,E (2464) Zalakaros 1999}) 16. Rc1 Rad8 (16... Qc5 $11) 17. f3 $14 Qb8 18. Nc2 Ne5 19. Ne3 g5 20. Bf2 Bc6 21. Qb3 Qb7 22. Red1 g4 23. Be2 gxf3 24. gxf3 Kh8 25. Ng2 Rg8 26. Qxb6 Qe7 (26... Qxb6 $11 {keeps the balance.} 27. Bxb6 Rb8) 27. Qe3 ({Don't do} 27. Qxa6 Ra8 28. Qb6 Rgb8 $14) (27. Rc2 $16) 27... Rb8 28. Rc2 Rb4 29. Qd2 Bf8 30. Kh1 Qb7 31. Bh4 Nh5 32. Nf4 Nxf4 33. Qxf4 Ng6 34. Bf6+ Kh7 35. Qd2 $36 {[%emt 0:01:12][%mdl 2048] White has the initiative.} Ne5 36. Rg1 $1 Rxg1+ 37. Kxg1 Bxa4 (37... Be7 $11 {remains equal.} 38. Bxe7 Qxe7) 38. Nxa4 $16 Rxa4 39. c5 $1 Bg7 (39... Kg6 $14) 40. Bxg7 Kxg7 41. Qxd6 Ra1+ 42. Kg2 Ng6 {[%emt 0:00:21] [#]} 43. c6 $1 Qb6 {[%emt 0:04:15] [#] ( -> ...Rg1+)} 44. Bd1 $2 ({Only move:} 44. Qc5 $1 $16 Nf4+ 45. Kf2) 44... Qe3 $11 {[%emt 0:05:34][%mdl 1024] Black has compensation.} 45. c7 $1 {[%emt 0:00:00][%cal Oh2h4] aiming for h4!} Nf4+ 46. Kg3 $2 (46. Qxf4 $11 Qxf4 47. c8=Q Rxd1 48. Qc3+ Kh7 49. Kh3) 46... Qg1+ {[%emt 0:00:33] Weighted Error Value: White=0.32/Black=0.18 (very precise)} 0-1

[Event "FRA-ch Teams Top 16-B 2022"]
[Site "Chartres"]
[Date "2022.06.12"]
[Round "4.32"]
[White "Monpeurt, Cyrielle"]
[Black "Gennesseaux, Gabrielle"]
[Result "1/2-1/2"]
[ECO "C01"]
[WhiteElo "2172"]
[BlackElo "1794"]
[Annotator "TA"]
[PlyCount "98"]
[EventDate "2022.06.09"]
[EventType "team-tourn"]
[EventCountry "FRA"]
[SourceTitle "playchess.com"]
[Source "ChessBase"]
[SourceQuality "1"]
[TimeControl "40/5400+30:1800+30"]

1. e4 e6 2. d4 d5 3. Bd3 dxe4 4. Bxe4 Nf6 5. Bf3 Be7 6. Ne2 {[%emt 0:01:16] C01: French: Exchange Variation.} O-O 7. O-O Nbd7 8. Nbc3 {[%emt 0:04:30] White is slightly better.} c6 9. Re1 e5 {[%emt 0:04:19] [#]} 10. Ng3 $146 ({Predecessor:} 10. Be3 Qc7 11. Ng3 Re8 12. d5 cxd5 13. Nxd5 Nxd5 14. Bxd5 Nf6 15. Bb3 Bd7 16. h3 {1-0 (56) Petrova,K (2259)-Sikorova,O (2248) Prague 2019}) 10... exd4 11. Qxd4 Bc5 12. Qh4 Re8 13. Bf4 Nf8 14. Rxe8 Qxe8 15. Nge4 Nxe4 16. Nxe4 Ng6 17. Qg3 Be7 {[%emt 0:15:47] [#] aiming for ...Bh4.} 18. Nd6 Qf8 {[%emt 0:00:37] White must now prevent ...Bh4.} 19. Nxc8 Rxc8 20. Be3 Bd6 21. Qg5 a6 22. Rd1 Re8 23. Qa5 Qe7 24. Qd2 Bc7 25. b3 Ne5 26. Be2 Rd8 27. Qc1 Rxd1+ 28. Qxd1 h6 29. Qd4 Nd7 30. Qg4 Nf6 31. Qc8+ Ne8 (31... Kh7 $11) 32. g3 Bd6 ({Better is} 32... Bd8 $14) 33. Bg4 {[%emt 0:02:00] White is more active.} (33. Bd3 $16) 33... Kh7 $1 $14 34. Bf5+ {[%emt 0:03:17] This bishop pair is nice.} (34. Qd7 $16) 34... g6 $11 35. Bd3 Nf6 (35... h5 {keeps more tension.} 36. Bd4 Nf6 37. Kg2 Qd7) 36. Qh3 h5 37. Qh4 Nd5 38. Bg5 (38. Qxh5+ $5 Kg8 39. Qg5 $14) 38... Qe1+ 39. Kg2 {[%emt 0:00:11] [#] Strongly threatening Qxh5+.} Kg7 40. Qd4+ Qe5 (40... Be5 {seems wilder.} 41. Bd2 Bxd4 42. Bxe1 Kf6) 41. Qxe5+ Bxe5 {[%emt 0:30:06][%mdl 4096] Endgame KBB-KBN} 42. c4 Nc7 43. Be3 Ne6 44. f4 Bd6 45. Kf3 f5 {[%emt 0:00:00] The position is equal.} 46. Ke2 Kf6 47. Kf3 Ke7 48. h3 a5 49. Bb1 Kf6 {[%emt 0:00:00] Weighted Error Value: White=0.11 (very precise) /Black=0.08 (flawless)} 1/2-1/2

[Event "FRA-ch Teams Top 16-B 2022"]
[Site "Chartres"]
[Date "2022.06.13"]
[Round "5.1"]
[White "Neiksans, Arturs"]
[Black "Esipenko, Andrey"]
[Result "1/2-1/2"]
[ECO "C47"]
[WhiteElo "2579"]
[BlackElo "2709"]
[Annotator "TA"]
[PlyCount "38"]
[EventDate "2022.06.09"]
[EventType "team-tourn"]
[EventCountry "FRA"]
[SourceTitle "playchess.com"]
[Source "ChessBase"]
[SourceQuality "1"]
[TimeControl "40/5400+30:1800+30"]

1. e4 e5 2. Nf3 Nc6 3. Nc3 Nf6 4. d4 exd4 5. Nxd4 Bb4 6. Nxc6 bxc6 7. Bd3 O-O 8. O-O d5 9. exd5 cxd5 10. Bg5 Be6 11. Qf3 Be7 12. Qg3 {[%emt 0:11:17] [#] C47: Scotch Four Knights and Four Knights with 4 g3.} c5 $146 ({Predecessor:} 12... Nh5 13. Bxe7 Qxe7 14. Qe5 Nf6 15. Rfe1 c6 16. h3 Rfe8 17. Re3 Nd7 18. Qf4 Qf6 19. Qxf6 Nxf6 {1-0 (38) Walisiak,R-Jagdhuber,H Benidorm 1985}) 13. Rad1 Qb8 14. Bf4 {[%emt 0:24:22] The position is equal.} Qb4 {[%emt 0:08:09] [#] Hoping for ...Nh5.} 15. a3 Qb6 16. Bh6 Ne8 17. b3 Kh8 18. Bc1 Bf6 19. Ne2 g6 {[%emt 0:06:20] Weighted Error Value: White=0.09 (flawless) /Black=0.10 (very precise)} 1/2-1/2

[Event "FRA-ch Teams Top 16-B 2022"]
[Site "Chartres"]
[Date "2022.06.13"]
[Round "5.2"]
[White "Moussard, Jules"]
[Black "Housieaux, David"]
[Result "1-0"]
[ECO "C05"]
[WhiteElo "2651"]
[BlackElo "2412"]
[Annotator "TA"]
[PlyCount "73"]
[EventDate "2022.06.09"]
[EventType "team-tourn"]
[EventCountry "FRA"]
[SourceTitle "playchess.com"]
[Source "ChessBase"]
[SourceQuality "1"]
[TimeControl "40/5400+30:1800+30"]

1. e4 e6 2. d4 d5 3. Nd2 Nf6 4. e5 Nfd7 5. c3 c5 6. f4 Nc6 7. Ndf3 Qb6 8. a3 a5 9. b3 {[%emt 0:00:11] C05: French Tarrasch: 3...Nf6 4 e5 Nfd7, 5 f4 and 5 Bd3 sidelines.} Be7 10. h4 h5 {[%emt 0:04:01] [#]} 11. Be2 $146 {[%emt 0:00:54] The position is equal.} ({Predecessor:} 11. Nh3 cxd4 12. cxd4 f5 13. Be3 Bxa3 14. Be2 Bb4+ 15. Kf1 g6 16. Nf2 Ndb8 17. Nd3 {½-½ (34) Sethuraman,S (2415)-Ulybin,M (2511) New Delhi 2009}) 11... f6 (11... Bd8 $11) 12. Nh3 cxd4 13. cxd4 Ndb8 14. Qd3 f5 15. O-O Na6 16. Bd2 Bd7 17. Rfb1 Nc7 18. Nf2 Nd8 19. Qe3 Nb5 20. b4 a4 21. Nd3 Nc7 22. b5 (22. Nc5 $16) 22... Bxb5 $14 23. Bb4 Bxb4 24. Rxb4 {[%emt 0:02:58] Nc5 is the strong threat.} Nc6 (24... Na6 $14) 25. Rb2 $18 {[%emt 0:00:09] Strongly threatening Rc1.} Na5 26. Nc5 Nc4 27. Bxc4 dxc4 28. Ng5 Rh6 (28... Nd5 $2 29. Qg3 Rh6 30. Ngxe6 Rxe6 31. Nxe6 Qxe6 32. Rxb5 $18) 29. Rab1 {[%emt 0:06:02] Threatens to win with Qe2. White is much more active. The black rooks are badly placed.} Rd8 $2 {[%emt 0:01:28] [#] This costs Black the game.} (29... Qc6 $16) 30. Nxa4 $1 {[%emt 0:03:10] Pair of Knights!} Qc6 (30... Qxd4 $2 31. Qxd4 Rxd4 32. Rxb5 Nxb5 33. Rxb5 $18) 31. Nc3 Nd5 $2 (31... Ba6 32. Rb6 Nd5 33. Rxc6 Nxe3 34. Rxe6+ Kd7) 32. Nxd5 Rxd5 33. a4 Ba6 34. Rb6 Qd7 {[%emt 0:00:02] [#]} (34... Qc8 $142 35. Rd6 Rxd6 36. exd6 Qc6 37. Nxe6 Qxd6) 35. Rxa6 $1 {[%emt 0:00:21][%mdl 512] White threatens Ra8+ and mate.} bxa6 (35... Qc8 36. Rab6) 36. Rb8+ Ke7 37. Qa3+ {[%emt 0:00:03] Weighted Error Value: White=0.07 (flawless) /Black=0.55} 1-0

[Event "FRA-ch Teams Top 16-B 2022"]
[Site "Chartres"]
[Date "2022.06.13"]
[Round "5.3"]
[White "Brochet, Philippe"]
[Black "Gozzoli, Yannick"]
[Result "1/2-1/2"]
[ECO "C90"]
[WhiteElo "2390"]
[BlackElo "2591"]
[Annotator "TA"]
[PlyCount "43"]
[EventDate "2022.06.09"]
[EventType "team-tourn"]
[EventCountry "FRA"]
[SourceTitle "playchess.com"]
[Source "ChessBase"]
[SourceQuality "1"]
[TimeControl "40/5400+30:1800+30"]

1. e4 e5 2. Nf3 Nc6 3. Bc4 Nf6 4. d3 Be7 5. O-O O-O 6. Re1 d6 7. c3 Na5 8. Bb5 a6 9. Ba4 b5 10. Bc2 c5 11. Nbd2 Nc6 12. Nf1 h6 13. h3 Re8 14. d4 cxd4 {[%emt 0:02:47] C90: Closed Ruy Lopez with 7...d6: Early deviations.} 15. cxd4 {[%emt 0:00:33] [#] A rather calm draw.} {Predecessor:} exd4 $146 16. Nxd4 Nxd4 17. Qxd4 Bb7 18. Ng3 d5 19. e5 Ne4 20. Qd3 Rc8 21. Nf5 Bf8 22. Bf4 {0-1 (74) Smirin,I (2678)-Salgado Lopez,I (2614) Barcelona 2011} 1/2-1/2

[Event "FRA-ch Teams Top 16-B 2022"]
[Site "Chartres"]
[Date "2022.06.13"]
[Round "5.4"]
[White "Cornette, Matthieu"]
[Black "Dionisi, Thomas"]
[Result "1/2-1/2"]
[ECO "C64"]
[WhiteElo "2570"]
[BlackElo "2408"]
[Annotator "TA"]
[PlyCount "41"]
[EventDate "2022.06.09"]
[EventType "team-tourn"]
[EventCountry "FRA"]
[SourceTitle "playchess.com"]
[Source "ChessBase"]
[SourceQuality "1"]
[TimeControl "40/5400+30:1800+30"]

1. e4 e5 2. Nf3 Nc6 3. Bb5 a6 4. Ba4 Bc5 5. c3 Nge7 6. O-O Ba7 {[%emt 0:00:07] C64: Ruy Lopez: Classical Defence (3...Bc5) except 4 0-0 Nf6.} 7. d4 Ng6 8. Be3 O-O {[%emt 0:00:21] White is slightly better.} 9. Re1 {[%emt 0:01:04] [#]} exd4 $146 ({Predecessor:} 9... d5 10. exd5 Qxd5 11. dxe5 Qxd1 12. Bxd1 Bxe3 13. Rxe3 Rd8 14. Bc2 Bg4 15. Bxg6 fxg6 {½-½ (87) Iordachescu,V (2534)-Ivanisevic,I (2499) Dubai 2021}) 10. cxd4 d5 11. Bxc6 bxc6 12. e5 f6 13. exf6 Qxf6 14. Nbd2 Nf4 (14... Rb8 $11 {keeps the balance.}) 15. Bxf4 Qxf4 16. Qc2 Qd6 17. Nb3 ({Of course not} 17. Ng5 Bf5 18. Qc3 c5 $15) 17... Bf5 18. Qc3 Be4 19. Re3 ({White should try} 19. Nfd2 $16) 19... Bxf3 $11 20. Rxf3 Rxf3 21. Qxf3 {[%emt 0:41:47] Weighted Error Value: White=0.14 (very precise) /Black=0.18 (very precise)} 1/2-1/2

[Event "FRA-ch Teams Top 16-B 2022"]
[Site "Chartres"]
[Date "2022.06.13"]
[Round "5.5"]
[White "Chabanon, Jean-Luc"]
[Black "Movsesian, Sergei"]
[Result "0-1"]
[ECO "E11"]
[WhiteElo "2432"]
[BlackElo "2600"]
[Annotator "TA"]
[PlyCount "66"]
[EventDate "2022.06.09"]
[EventType "team-tourn"]
[EventCountry "FRA"]
[SourceTitle "playchess.com"]
[Source "ChessBase"]
[SourceQuality "1"]
[TimeControl "40/5400+30:1800+30"]

1. d4 Nf6 2. c4 e6 3. Nf3 d5 4. g3 Bb4+ 5. Bd2 a5 6. Bg2 O-O 7. Qc2 c5 {[%emt 0:01:11] E11: Bogo-Indian.} 8. dxc5 d4 9. O-O Bxc5 {[%emt 0:02:18] The position is equal.} 10. Ne5 {[%emt 0:06:55] [#] Against Nc6} h6 $146 (10... Nbd7 $5 11. Nd3 e5 $11) ({Predecessor:} 10... Bd6 11. Nd3 e5 12. c5 Bc7 13. Bg5 h6 14. Bxf6 Qxf6 15. Nd2 Nc6 16. a3 a4 {0-1 (76) Andreikin,D (2729)-Vidit,S (2723) Chess.com INT 2022}) 11. Nd3 Qe7 12. Nxc5 Qxc5 13. a3 (13. e3 $11) 13... Qh5 14. f3 Nc6 15. Be1 Qc5 {[%emt 0:05:00] [#] Strongly threatening ...d3+.} 16. Bf2 e5 17. Nd2 Be6 18. b3 Rac8 19. Rfc1 Rfe8 20. Qb1 Kh8 {[%emt 0:03:23] Black is more active.} 21. g4 Qf8 22. h3 Nd7 23. Ne4 f5 24. Ng3 g6 25. h4 ({White should try} 25. b4) 25... h5 26. gxf5 gxf5 {[%emt 0:01:24] aiming for ...Qf6.} 27. f4 $2 {[%emt 0:00:36][%mdl 8192] This costs White the game.} (27. Bh3 $17 {is tougher.}) 27... exf4 $19 28. Bxc6 Rxc6 29. Bxd4+ Kh7 {[%emt 0:23:33] And now ...Qe7 would win.} 30. Nf1 (30. Rc3 $142) 30... Qg8+ 31. Kh1 {[%emt 0:01:29] [#]} Bd5+ $1 {[%emt 0:00:00][%mdl 512] Black mates.} 32. cxd5 Qxd5+ 33. Kg1 Rg6+ {[%emt 0:00:00] Weighted Error Value: White=0.62/Black=0.08 (flawless)} 0-1

[Event "FRA-ch Teams Top 16-B 2022"]
[Site "Chartres"]
[Date "2022.06.13"]
[Round "5.6"]
[White "Degraeve, Jean-Marc"]
[Black "Godart, Francois"]
[Result "1-0"]
[ECO "C49"]
[WhiteElo "2520"]
[BlackElo "2399"]
[Annotator "TA"]
[PlyCount "105"]
[EventDate "2022.06.09"]
[EventType "team-tourn"]
[EventCountry "FRA"]
[SourceTitle "playchess.com"]
[Source "ChessBase"]
[SourceQuality "1"]
[TimeControl "40/5400+30:1800+30"]

1. e4 e5 2. Nf3 Nc6 3. Nc3 Nf6 4. Bb5 Bb4 5. O-O O-O 6. Bxc6 dxc6 7. d3 Nd7 {[%emt 0:02:30] C49: Four Knights: 4 Bb5 Bb4.} 8. Ne2 Re8 9. b3 Nf8 {[%emt 0:07:09] The position is equal.} 10. Bb2 Ng6 11. Ng3 {[%emt 0:01:23] [#]} Bd6 $146 ({Predecessor:} 11... c5 12. h3 c6 13. Nh5 Qa5 14. Nxe5 Nxe5 15. f4 Bc3 16. Bxc3 Qxc3 17. fxe5 Qxe5 {1-0 (60) Seps,M (2253)-Zimina,O (2371) Prague 2016}) 12. d4 (12. Re1 $11) 12... exd4 (12... Bg4 $15) 13. Qxd4 $11 f6 14. Rfe1 Bg4 15. Qc4+ Kh8 16. Nd4 Be5 17. f3 Bd7 18. Rad1 Qc8 19. Ba1 a5 20. a4 Qb8 21. Ngf5 Ne7 $2 {[%emt 0:05:06] [#]} ({Black should play} 21... Rg8 $14) 22. Qf7 $2 (22. Nxg7 $1 $18 Kxg7 23. f4) 22... Bxf5 23. Nxf5 Nxf5 24. exf5 {[%emt 0:00:09] Rd7 is the strong threat.} Rf8 25. Qc4 Qa7+ 26. Kh1 {[%emt 0:04:20] Active counter play!} Bd6 27. Re6 Rad8 (27... Qf2 $14) 28. Rde1 ({White should try} 28. Qe2 $1 $16) 28... Qf2 29. R6e2 Qc5 30. Qg4 Qd5 31. Bc3 {[%emt 0:00:21] Inhibits Bb4.} b6 (31... Qc5 $5 32. Bd4 Qb4 $11) 32. h4 Qc5 33. Re3 $40 {[%emt 0:00:46][%mdl 128] Black needs to defend precisely.} Rg8 (33... b5 {is interesting.} 34. R1e2 Qa3 35. Bxa5 Ra8) 34. h5 Rd7 $2 (34... h6 $14) 35. h6 $1 $18 {[%emt 0:01:27] Black must now prevent hxg7+.} Bf8 36. Qf4 (36. hxg7+ $142 Bxg7 37. f4) 36... gxh6 (36... Rf7 {might work better.}) 37. Bxf6+ Bg7 38. Bxg7+ Rdxg7 39. R1e2 Rf7 40. Re5 (40. Qxh6 $6 Rxf5 41. Re5 Qf8 42. Qxc6 Qf6 43. Qxf6+ Rxf6) 40... Qf8 (40... Qd6 $16 41. Qe3 Qf6) 41. Re6 Rxf5 42. Qd4+ ({Worse is} 42. Qxh6 Rxf3 $1 43. Qxf8 (43. gxf3 $2 {leads to mate.} Qxf3+ 44. Kh2 Qg3+ 45. Kh1 Qg1#) 43... Rfxf8 $11) ({Weaker is} 42. Qxc7 Rh5+ 43. Kg1 Qc5+ 44. Rf2 Rd5 $11) 42... Qg7 43. Qxg7+ Kxg7 44. Rxc6 {[%emt 0:00:08][%mdl 4096] Endgame KRR-KRR} Rf7 45. Re4 Rd8 46. Rg4+ Kf8 47. Rxh6 Rd1+ 48. Kh2 Rd2 {[%emt 0:00:04][%csl LRc2,LRf3] [#]} 49. Rc6 $1 Rxf3 50. Rxc7 Rff2 $2 (50... Rf6 $16 {was worth a try.}) 51. Rxh7 Rxc2 52. Rh6 b5 $2 (52... Rf5 53. Rxb6 Rh5+ 54. Kg1 Re5) 53. Rh5 $2 {[%emt 0:00:53] Weighted Error Value: White=0.24 (precise) /Black=0.43} (53. axb5 Ke7 54. b6) 1-0

[Event "FRA-ch Teams Top 16-B 2022"]
[Site "Chartres"]
[Date "2022.06.13"]
[Round "5.7"]
[White "Heinz, Timothee"]
[Black "Goldsztejn, Gildas"]
[Result "1/2-1/2"]
[ECO "A81"]
[WhiteElo "2381"]
[BlackElo "2413"]
[Annotator "TA"]
[PlyCount "55"]
[EventDate "2022.06.09"]
[EventType "team-tourn"]
[EventCountry "FRA"]
[SourceTitle "playchess.com"]
[Source "ChessBase"]
[SourceQuality "1"]
[TimeControl "40/5400+30:1800+30"]

1. d4 f5 2. g3 Nf6 3. Bg2 g6 4. c3 Bg7 5. Nd2 Nc6 6. e4 {[%emt 0:02:38] A81: Dutch Defence: 2 g3.} fxe4 7. Nxe4 Nxe4 8. Bxe4 {[%emt 0:00:04] The position is equal.} d5 9. Bg2 O-O (9... e5 $11) 10. Bf4 {[%emt 0:03:18] [#]} a5 $146 (10... Re8 $14) ({Predecessor:} 10... Kh8 11. Ne2 Bg4 12. h3 Bf5 13. O-O Be4 14. f3 Bf5 15. g4 Bc8 16. Bg3 e5 17. dxe5 Nxe5 18. Bxe5 Bxe5 {½-½ (45) Nosenko,A (2473)-Babionyshev,V (2210) Kiev 2002}) 11. a4 (11. Nf3 $16) 11... b6 (11... Kh8 $11) 12. Ne2 (12. h4 $1 $16) 12... Bb7 $14 13. Qb3 e6 14. O-O Ba6 15. Qc2 g5 16. Be3 e5 {[%emt 0:00:06] [#]} (16... Kh8 $142) 17. dxe5 ({White should try} 17. Bxg5 $1 $16 Qd7 (17... Qxg5 18. Bxd5+) 18. dxe5 Nxe5 19. Rfd1) 17... Nxe5 18. Bd4 Re8 19. Rfd1 c6 20. Bxe5 Rxe5 21. Nd4 Qf6 (21... Qd7 $11) 22. Re1 $1 $16 {[%emt 0:15:58] Threatens to win with Rxe5.} Rae8 23. Rxe5 Rxe5 24. Qb3 c5 {[%emt 0:00:06] ...Bc4 is the strong threat.} (24... Qe7 $2 25. Nxc6 (25. Nf3 Rf5 $16) 25... Re1+ 26. Bf1 $1 Rxf1+ 27. Rxf1 $18) 25. Bxd5+ Kh8 26. Nb5 (26. Nf3 $16 Re2 27. h3) 26... Re2 $11 27. Rf1 Bc8 {[%emt 0:00:03] [#]} (27... Rd2 $1 $11 {remains equal.}) 28. Na3 {[%emt 0:04:30] Weighted Error Value: White=0.32/Black=0.33} ({Better is} 28. Qd1 $1 Rxb2 29. Bc4) 1/2-1/2